 Dungeon Crawl Stone Soup version 0.31-a0-1098-g6898e6545c (webtiles) character file.

Game seed: 9391741233830551874

5402 Gargoyl the Cleaver (level 10, -8/65 HPs)
             Began as a Gargoyle Berserker on Nov 30, 2023.
             Was an Elder of Trog.
             Shot with an arrow by a centaur (13 damage)
             ... on level 8 of the Dungeon.
             The game lasted 00:09:41 (7378 turns).

Gargoyl the Cleaver (Gargoyle Berserker)            Turns: 7378, Time: 00:09:41

Health: -8/65      AC: 18    Str: 20    XL:     10   Next: 67%
Magic:  10/10      EV: 13    Int:  9    God:    Trog [****..]
Gold:   188        SH:  0    Dex: 13    Spells: 9/9 levels left

rFire   . . .        a - +4 hand axe (drain)
rCold   . . .        (no shield)
rNeg    + . .        f - +0 ring mail
rPois   ∞            (no helmet)
rElec   +            l - +2 cloak {rCorr}
rCorr   +            (no gloves)
SInv    .            j - +0 pair of boots
Will    +....        (no amulet)
Stlth   +            (no ring)
HPRegen 0.30/turn    (no ring)
MPRegen 0.12/turn

%: no passive effects
@: enlightened, flying
A: sickness immunity, AC +7, negative energy resistance 1, electricity
resistance, torment resistance 1, petrification resistance
a: Renounce Religion, Berserk, Trog's Hand, Brothers in Arms


You were on level 8 of the Dungeon.
You worshipped Trog.
Trog was greatly pleased with you.
You visited 1 branch of the dungeon, and saw 9 of its levels.

You collected 287 gold pieces.
You spent 99 gold pieces at shops.

Inventory:

Hand Weapons
 a - a +4 hand axe of draining (weapon)
Missiles
 d - 43 poisoned darts (quivered)
 n - 2 throwing nets
Armour
 f - a +0 ring mail (worn)
 j - a +0 pair of boots (worn)
 l - a +2 cloak of preservation (worn)
Jewellery
 b - a ring of resist corrosion
Wands
 i - a wand of flame (45)
 m - a wand of polymorph (15)
Scrolls
 p - 2 scrolls of identify
 r - a scroll of revelation
 s - a scroll of enchant weapon
Potions
 c - a potion of cancellation
 e - a potion of haste
 k - a potion of might


   Skills:
 + Level 8.7 Fighting
 + Level 10.1 Axes
 + Level 6.9 Armour
 + Level 5.2 Dodging
 + Level 2.1 Stealth


You had 9 spell levels left.
You didn't know any spells.
Your spell library was empty.

Dungeon Overview and Level Annotations

Branches:
Dungeon (9/15)             Temple (0/1) D:7
   Lair: D:8-11         Orc: D:9-12

Altars:
Elyvilon
Fedhas
Kikubaaqudgha
Qazlal
Vehumet
Yredelemnul

Shops:
D:2 (   D:3 (   D:7 [


Innate Abilities, Weirdness & Mutations

You are immune to sickness and miasma.
Your stone body is resilient. (AC +7)
You are immune to poison.
You resist negative energy. (rN+)
You are resistant to electric shocks. (rElec)
You are resistant to unholy torment.
You are immune to petrification.


Message History

You start resting.
HP restored.
It was a potion of enlightenment.
You feel very buoyant.
You fly up into the air.
The centaur shoots an arrow.
The arrow closely misses you.
The centaur shoots an arrow.
The arrow hits you.
The centaur shouts!
The centaur shoots an arrow.
The arrow hits you.
The centaur shoots an arrow.
The arrow hits you.
The centaur shoots an arrow.
The arrow hits you but does no damage.
The centaur shoots an arrow.
The arrow closely misses you.
The centaur shoots an arrow.
The arrow hits you!
The centaur shoots an arrow.
The arrow hits you.
The centaur shoots an arrow.
The arrow hits you!
The centaur shoots an arrow.
The arrow completely misses you.
The centaur shoots an arrow.
The arrow hits you.
The centaur shoots an arrow.
The arrow misses you.
Found an escape hatch in the floor.
The centaur shoots an arrow.
The arrow hits you!
The centaur shoots an arrow.
The arrow hits you but does no damage.
The centaur shoots an arrow.
The arrow barely misses you.
The centaur shoots an arrow.
The arrow hits you but does no damage.
The centaur shoots an arrow.
The arrow barely misses you.
The centaur shoots an arrow.
The arrow hits you but does no damage.
You hear a shout!
The centaur shoots an arrow.
The arrow hits you.
The centaur shoots an arrow.
The arrow misses you.
The centaur unwields a +0 shortbow.
The centaur closely misses you. The centaur misses you.
The centaur shoots an arrow.
The arrow hits you.
* * * LOW HITPOINT WARNING * * *
The centaur shoots an arrow.
The arrow hits you!
* * * LOW HITPOINT WARNING * * *
It was a potion of curing.
You feel better.
The centaur shoots an arrow.
The arrow closely misses you.
The centaur shoots an arrow.
The arrow hits you but does no damage.
The centaur shoots an arrow.
The arrow hits you!
* * * LOW HITPOINT WARNING * * *
The centaur shoots an arrow.
The arrow closely misses you.
The centaur shoots an arrow.
The arrow hits you but does no damage.
The centaur shoots an arrow.
The arrow hits you!
You die...

.....≈≈≈≈≈≈≈.#
...≈≈≈≈≈≈≈≈≈c#. #..≈≈≈#
..≈≈≈≈≈≈≈≈≈..#>##...≈≈≈#
..≈≈≈≈≈≈≈≈≈..#.#....≈≈≈≈#
.≈≈≈≈≈≈≈≈≈≈..#'#...≈≈≈≈≈#
.≈≈≈≈≈≈≈≈≈≈..c.....≈≈≈≈≈#
.≈≈≈≈≈≈≈≈≈≈≈...ccc≈≈≈≈≈≈#
.≈≈≈≈≈≈≈≈≈≈≈≈≈cc≈≈≈≈≈≈≈≈#
..≈≈≈≈≈≈≈≈≈≈≈≈≈≈@≈≈≈≈≈≈#
.###.≈≈≈≈≈≈≈≈≈≈≈≈≈≈≈####
.........≈≈≈≈≈≈≈≈..##
####......≈≈≈≈###.##
#..............#
################


You could see 6 centaurs.

Vanquished Creatures
  A two-headed ogre (D:8)
  2 hornets (D:9)
  The ghost of kskgo the Ducker, an amateur DjFE of Makhleb (D:5)
  3 wyverns
  7 yaks
  3 water moccasins
  An orc warrior (D:6)
  A black bear (D:6)
  2 centaurs
  A phantom (D:6)
  5 kobold brigands
  2 gnoll sergeants (D:8)
  2 scorpions
  2 howler monkeys
  2 centaur zombies (D:7)
  A gnoll bouda (D:5)
  2 bullfrog zombies (D:7)
  7 hounds
  5 orc priests
  A sleepcap (D:4)
  A jelly (D:6)
  2 iguanas
  A scorpion zombie (D:4)
  9 orc wizards
  3 killer bee zombies (D:7)
  A hound skeleton (D:4)
  12 gnolls
  6 adders
  A shadow imp (D:6)
  5 white imps
  2 adder zombies (D:4)
  3 adder skeletons (D:4)
  3 worms
  5 dart slugs
  45 orcs
  4 bats
  2 endoplasms
  5 giant cockroaches (D:1)
  6 goblins
  5 hobgoblins
  3 jackals (D:2)
  21 kobolds
  4 quokkas
  14 ball pythons
  2 frilled lizards
  2 rats
  A spectral kobold (D:1)
219 creatures vanquished.

Vanquished Creatures (collateral kills)
  An orc priest (D:9)
  An orc wizard (D:9)
2 creatures vanquished.

Grand Total: 221 creatures vanquished

Notes
Turn   | Place    | Note
-------+----------+-------------------------------------------
     0 | D:1      | Gargoyl the Gargoyle Berserker began the quest for the Orb.
     0 | D:1      | Reached XP level 1. HP: 14/14 MP: 1/1
    95 | D:1      | Reached XP level 2. HP: 13/19 MP: 2/2
   180 | D:1      | Reached skill level 3 in Axes
   204 | D:1      | Found a faded altar of an unknown god.
   402 | D:1      | Reached XP level 3. HP: 24/24 MP: 3/3
   705 | D:2      | Reached ** piety under Trog
   788 | D:2      | Found Nontiokk's Weapon Shoppe.
  1214 | D:3      | Reached XP level 4. HP: 29/29 MP: 4/4
  1508 | D:3      | Found Voddyami's Weapon Boutique.
  1668 | D:3      | Reached XP level 5. HP: 27/33 MP: 5/5
  1713 | D:3      | Found a blossoming altar of Fedhas.
  1899 | D:4      | Reached skill level 4 in Axes
  2115 | D:4      | Reached *** piety under Trog
  2120 | D:4      | Reached XP level 6. HP: 30/38 MP: 6/6
  3072 | D:5      | Entered Level 5 of the Dungeon
  3087 | D:5      | Reached skill level 5 in Axes
  3087 | D:5      | Reached XP level 7. HP: 44/44 MP: 7/7
  3260 | D:5      | Reached skill level 1 in Stealth
  3603 | D:5      | Found a large runed translucent door.
  3603 | D:5      | Found a large runed translucent door.
  3605 | D:5      | Noticed kskgo's ghost (amateur DjFE)
  4040 | D:5      | Killed kskgo's ghost
  4041 | D:5      | Reached skill level 5 in Fighting
  4122 | D:6      | Reached XP level 8. HP: 44/49 MP: 8/8
  4220 | D:6      | Reached skill level 6 in Axes
  4220 | D:6      | Reached skill level 5 in Armour
  4679 | D:6      | Reached skill level 7 in Axes
  5263 | D:7      | Found a staircase to the Ecumenical Temple.
  5311 | D:7      | Found Laikugyl's Antique Armour Shop.
  5320 | D:7      | Bought a pair of boots for 99 gold pieces
  5404 | D:7      | Reached XP level 9. HP: 55/55 MP: 9/9
  5559 | D:7      | Reached skill level 8 in Axes
  5703 | D:7      | Found a basalt altar of Yredelemnul.
  5730 | D:7      | Reached **** piety under Trog
  6004 | D:8      | Found a radiant altar of Vehumet.
  6004 | D:8      | Found an ancient bone altar of Kikubaaqudgha.
  6004 | D:8      | Noticed a two-headed ogre
  6021 | D:8      | Killed a two-headed ogre
  6026 | D:8      | Reached skill level 9 in Axes
  6038 | D:8      | Noticed a hornet
  6368 | D:8      | Noticed a hornet
  6376 | D:9      | Reached XP level 10. HP: 48/63 MP: 10/10
  6681 | D:9      | Reached skill level 5 in Dodging
  6731 | D:8      | Reached skill level 10 in Axes
  6864 | D:8      | Found a white marble altar of Elyvilon.
  7007 | D:8      | Found a stormy altar of Qazlal.
  7378 | D:8      | Shot with an arrow by a centaur

Illustrated notes

Levels and vault maps discovered:
D:1:      lemuel_arrival_broad_hall, layout_basic,
          dreamdust_ecumenical_altar_drowned_temple,
          corexii_hall_statues_deadend, minmay_worlds_worst_comb
D:2:      layout_rooms, serial_shops, nicolae_shop_scrapyard,
          minmay_tiny_reverse_x
D:3:      minmay_chambers_of_threes, layout_basic, general_overflow_altar,
          serial_shops, shop
D:4:      layout_layer_cave, serial_undead, serial_undead_e, serial_undead_c,
          serial_undead_b, serial_undead_a
D:5:      layout_basic, ebering_ghost_disaster_area
D:6:      layout_basic, hangedman_minor_gate_pass
D:7:      layout_basic, nicolae_yredelemnul_corpse_copse, temple_doors_e,
          serial_shops, shop
D:8:      layout_rooms, mainiacjoe_overflow_cross_hatched,
          chequers_temple_overflow_statue_of_worship, minmay_lair_entry_grove,
          special_room [special_room_orc], centaur_isle
D:9:      layout_stronghold

Skill      XL: |  1  2  3  4  5  6  7  8  9 10 |
---------------+-------------------------------+-----
Axes           | 3 4 5 7 9 10 | 10.1
Dodging        | 2 3 4 5 |  5.2
Fighting       | 4 5 6 7 8 |  8.7
Armour         | 3 4 5 6 |  6.9
Stealth        | 1 2 |  2.1

Action                     |  1- 3 |  4- 6 |  7- 9 | 10-12 || total
---------------------------+-------+-------+-------+-------++-------
  Melee: Hand axe          |   106 |   122 |   299 |    74 ||   601
         Punch             |       |     3 |     2 |       ||     5
 Invoke: Berserk           |       |     2 |     6 |     3 ||    11
         Trog's Hand       |       |       |     5 |     1 ||     6
         Brothers in Arms  |       |       |     1 |       ||     1
    Use: Scroll            |     5 |     4 |     7 |       ||    16
         Potion            |       |       |     1 |     4 ||     5
 Armour: Animal skin       |    38 |       |       |       ||    38
         Ring mail         |    30 |   114 |   310 |   130 ||   584
  Dodge: Dodged            |    72 |    85 |   226 |   115 ||   498

Table legend: (Time is in decaauts)
 A = Elapsed time spent in this place.
 B = Non-inter-level travel time spent in this place.
 C = Inter-level travel time spent in this place.
 D = Time resting spent in this place.
 E = Time spent auto-exploring this place.
 F = Levels seen in this place.
 G = Mean time per level.
                   A        B        C        D        E       F      G
               +--------+--------+--------+--------+--------+-----+--------+
         Total |   7481 |   7307 |    174 |    896 |   4664 |   9 |  831.2 |
       Dungeon |   7481 |   7307 |    174 |    896 |   4664 |   9 |  831.2 |
               +--------+--------+--------+--------+--------+-----+--------+

Top non-repeatable levels by time:
     D:4: 1205 daAuts
     D:6: 1064 daAuts
     D:5: 1046 daAuts
     D:8: 887 daAuts
     D:7: 838 daAuts
     D:3: 705 daAuts
     D:1: 640 daAuts
     D:2: 566 daAuts
     D:9: 528 daAuts
